[Event "*** SCC Grand Prix: Titled Tuesday Blitz"]
[Site "Chess.com"]
[Date "2020.06.02"]
[Round "10"]
[White "Kira170"]
[Black "SoltaniciR"]
[Result "1/2-1/2"]
[WhiteElo "2609"]
[BlackElo "2453"]
[TimeControl "180+1"]
[EndTime "11:59:40 PDT"]
[Termination "Game drawn - insufficient material"]

1. e4 c5 2. b3 g6 3. Bb2 Nf6 4. e5 Nd5 5. Nf3 Bg7 6. Bc4 Nb6 7. O-O d5 8. Bb5+ Nc6 9. Bxc6+ bxc6 10. d4 cxd4 11. Nxd4 c5 12. Nf3 O-O 13. h3 d4 14.
Nbd2 Bb7 15. Re1 Qd5 16. c4 Qc6 17. Ne4 a5 18. Qd3 a4 19. e6 f5 20. Neg5 Rf6 21. b4 h6 22. Nf7 Rxe6 23. bxc5 Rxe1+ 24. Rxe1 Qxc5 25. Bxd4 Qxc4 26. Qxc4 Nxc4 27. Rxe7 Bxf3 28. Bxg7 Kxg7 29. gxf3 Kf6 30. Rc7 Ne5 31. Nxe5 Kxe5 32. Rc6 g5 33. Rxh6 a3 34. Kf1 Ra4 35. Rb6 Kf4 36. Rb3 g4 37. hxg4 fxg4 38. fxg4 Kxg4 39. Ke2 Kf4 40. Kd2 Ke4 41. Kc2 Ra8 42. Re3+ Kd4 43. Kb3 Rf8 44. Re2 Rf3+ 45. Kb4 Kd5 46. Rd2+ Kc6 47.
Rc2+ Kb6 48. Kc4 Kc6 49. Kd4+ Kd6 50. Ke4 Rf8 51. f3 Re8+ 52. Kd4 Rf8 53. Ke3 Re8+ 54. Kf2 Rb8 55. Rc3 Rb2+ 56. Ke3 Rxa2 57. Kd3 Ke7 58. Kc4 Ra1 59. Kb3 a2 60. Kb2 Rf1 61. Kxa2 Ke6 62. Kb3 Kf5 63. Kc4 Kf4 64. Kd4 Rxf3 65. Rxf3+ Kxf3 1/2-1/2

[Event "*** SCC Grand Prix: Titled Tuesday Blitz"]
[Site "Chess.com"]
[Date "2020.06.02"]
[Round "10"]
[White "Sanyura"]
[Black "Justinz"]
[Result "1/2-1/2"]
[WhiteElo "2517"]
[BlackElo "2344"]
[TimeControl "180+1"]
[EndTime "11:59:40 PDT"]
[Termination "Game drawn - insufficient material"]

1. e4 c5 2. Nf3 d6 3. d4 cxd4 4. Nxd4 Nf6 5. Nc3 a6 6. h3 e6 7. g4 Nfd7 8. Be3 Be7 9. h4 Qc7 10.
g5 b5 11. Bh3 Ne5 12. h5 Nbc6 13. g6 hxg6 14. hxg6 Nxg6 15. a3 Bd7 16. Qe2 O-O-O 17.
O-O-O Nge5 18. Nxc6 Bxc6 19. Nd5 Qb7 20. Nxe7+ Qxe7 21.
Bb6 Rd7 22. Bd4 Kb7 23. f4 Nc4 24. Bxg7 Rg8 25. Bc3 f5 26. exf5 Bxh1 27. f6 Qd8 28. Rxh1 Rh8 29. Bg2+ Kb8 30. b3 Rxh1+ 31. Bxh1 e5 32.
bxc4 Qxf6 33. fxe5 Qh6+ 34. Kb2 Qxh1 35. e6 Re7 36.
Bb4 Qc6 37. cxb5 axb5 38. Qe3 Kb7 39. Qf4 Qd5 40. Bxd6 Rxe6 41. Qf7+ Ka6 42. Bb4 Qd4+ 43. Bc3 Qc4 44. Qg8 Qc6 45. Bd4 Re2 46. Qh7 Rxc2+ 47.
Qxc2 Qxc2+ 48. Kxc2 Kb7 49. Kb3 Ka8 50. Kb4 Kb7 51. Ka5 Ka8 52. Kb6 Kb8 53. Bc3 Ka8 54.
Kc7 Ka7 55. Bd4+ Ka8 56. Bb2 Ka7 57. Kc6 Ka8 58. Bd4 Kb8 59. Kb6 Ka8 60. Bc3 Kb8 61. Bb4 Ka8 62. Kc7 Ka7 63. Kc6 Ka8 64. Bd6 Ka7 65.
Bc5+ Ka8 66. a4 bxa4 67. Ba3 Kb8 68. Kb5 Ka8 69. Kxa4 1/2-1/2

[Event "*** SCC Grand Prix: Titled Tuesday Blitz"]
[Site "Chess.com"]
[Date "2020.06.02"]
[Round "10"]
[White "maciek_92"]
[Black "doons21"]
[Result "1-0"]
[WhiteElo "2774"]
[BlackElo "2486"]
[TimeControl "180+1"]
[EndTime "11:59:41 PDT"]
[Termination "maciek_92 won on time"]

1. e4 e6 2. d4 d5 3. Nc3 Bb4 4. e5 c5 5. a3 Bxc3+ 6. bxc3 Ne7 7. h4 Qa5 8. Bd2 Qa4 9. h5 h6 10. Nf3 b6 11. Bd3 Ba6 12. Rh4 Bxd3 13. cxd3 Qxd1+ 14.
Kxd1 Nbc6 15. dxc5 bxc5 16. Rb1 O-O 17. Rb5 Rfb8 18.
Rxc5 Rb1+ 19. Kc2 Rab8 20. Bc1 Ra1 21. Rb4 Nxb4+ 22. axb4 Ra6 23. Nd4 Rc8 24. Rxc8+ Nxc8 25. Bb2 Rb6 26. g4 f6 27. f4 Kf7 28. Bc1 fxe5 29.
fxe5 Ne7 30. Nb3 Rb8 31. Nc5 g6 32. Bxh6 gxh5 33. gxh5 Rh8 34. Be3 Rxh5 35. Nd7 a6 36. Bc5 Nc6 37. d4 Rh2+ 38. Kb3 Rh1 39. Bb6 Rb1+ 40.
Ka2 Rc1 41. Kb2 Re1 42. Nc5 Re2+ 43. Kb3 Nb8 44. Bc7 Nc6 45. Nxa6 Ke7 46. b5 Nd8 47. Nc5 Re1 48. Kb2 Re2+ 49. Ka3 Re1 50. Nb3 Nb7 51.
Bb6 Kd7 52. Bc5 Kc7 53. Kb4 Rb1 54. c4 dxc4 55. Kxc4 Rb2 56. Kc3 Rb1 57. Kc4 Rb2 58.
Bb4 Rc2+ 59. Bc3 Rh2 60. Nc5 Rh6 61. Bb4 Kb6 62. Nd7+ Kc7 63. Nf6 Rh1 64. Ne8+ 1-0

[Event "*** SCC Grand Prix: Titled Tuesday Blitz"]
[Site "Chess.com"]
[Date "2020.06.02"]
[Round "10"]
[White "Iskusnyh"]
[Black "Walter_White_Poland"]
[Result "1-0"]
[WhiteElo "2521"]
[BlackElo "2151"]
[TimeControl "180+1"]
[EndTime "11:59:42 PDT"]
[Termination "Iskusnyh won on time"]

1. d4 Nf6 2. c4 e6 3. g3 c5 4.
Nf3 cxd4 5. Nxd4 Nc6 6. Bg2 Qb6 7. Nb3 d5 8. cxd5 Nxd5 9. O-O Be7 10. Nc3 Nxc3 11. bxc3 O-O 12. Nd4 Rd8 13. Be3 Qa6 14.
Qc2 Nxd4 15. cxd4 Bd7 16. Rab1 Rac8 17. Qb2 b6 18. Rfd1 Bf6 19. Rbc1 h6 20. Be4 Bb5 21. Bf3 Rxc1 22. Rxc1 Bc4 23. Qc2 Bd5 24. Bxd5 Rxd5 25.
Qc8+ Qxc8 26. Rxc8+ Kh7 27. a4 Bxd4 28. Rc7 Bxe3 29. fxe3 Ra5 30. Rc4 Kg6 31. Kf2 Kf6 32. Kf3 b5 33. axb5 Rxb5 34. Ra4 a5 35. g4 h5 36. h3 g6 37. Rf4+ Kg7 38. Rc4 Rb4 39. Rc5 hxg4+ 40. hxg4 Ra4 41. Rb5 Ra1 42. g5 a4 43. e4 a3 44. Ra5 a2 45. Ke3 Rg1 46. Rxa2 Rxg5 47. Kf4 Rh5 48. Ra7 Rh4+ 49. Kf3 Rh5 50.
Kf4 Rb5 51. e5 Rc5 52. e3 Rb5 53. Rc7 Ra5 54. Rd7 Rb5 55. Rd1 Rb4+ 56. e4 Rb3 57. Rf1 Rb2 58. Rf3 Ra2 59. Re3 Ra1 60. Rf3 Rg1 61. Rf2 g5+ 62. Kf3 Rc1 63. Kg4 Rg1+ 64. Kh5 1-0

[Event "*** SCC Grand Prix: Titled Tuesday Blitz"]
[Site "Chess.com"]
[Date "2020.06.02"]
[Round "10"]
[White "Sychev_Klementy"]
[Black "Iljushin_Alexey"]
[Result "1/2-1/2"]
[WhiteElo "2841"]
[BlackElo "2696"]
[TimeControl "180+1"]
[EndTime "11:59:43 PDT"]
[Termination "Game drawn - insufficient material"]

1. e4 c6 2. d4 d5 3. e5 Bf5 4. Bd3 Bxd3 5. Qxd3 e6 6. Ne2 Qa5+ 7. Nd2 Qa6 8. c4 dxc4 9. Nxc4 Nd7 10. O-O Nb6 11.
b3 Rd8 12. Bg5 Rd7 13. Rfd1 h6 14. Bh4 Nxc4 15. bxc4 Ne7 16. f4 Nf5 17. Bf2 h5 18. Rab1 Be7 19. d5 cxd5 20. cxd5 Qxd3 21. Rxd3 exd5 22.
Bxa7 O-O 23. Bb6 Ra8 24. Rbd1 Rxa2 25. Nc3 Rb2 26. Rxd5 Rxd5 27. Nxd5 Rxb6 28. Nxb6 Bc5+ 29.
Kh1 Bxb6 30. g3 Bd4 31. Rb1 b6 32. Kg2 Kf8 33. Kf3 Bc5 34. Ke4 g6 35. Ra1 Ke7 36. Ra7+ Ke6 37. Rb7 Ne7 38. Rc7 Bg1 39. Rb7 Nf5 40.
Kf3 Bxh2 41. Rxb6+ Ke7 42. g4 hxg4+ 43. Kxg4 Bg1 44.
Rb7+ Ke6 45. Rc7 Be3 46. Rc6+ Ke7 47. Rc7+ Kf8 48. e6 fxe6 49. Kg5 Ne7 50. Rb7 Bd4 51. Rd7 Bg7 52. Rb7 Kf7 53. Rd7 Bf6+ 54. Kg4 Ke8 55. Rd6 Kf7 56. Rd7 Bc3 57. Rc7 Ba5 58. Ra7 Bb6 59.
Rb7 Bd4 60. Kg5 Bf6+ 61. Kg4 e5 62. fxe5 Bxe5 63. Kg5 Bf6+ 64. Kg4 g5 65. Rb6 Kg6 66. Rb8 Nd5 67. Rb5 Ne3+ 68. Kf3 Nf5 69. Kg4 Nh6+ 70.
Kf3 g4+ 71. Kf4 Bd8 72. Rc5 Be7 73. Rc6+ Kh5 74. Rxh6+ Kxh6 75. Kxg4 1/2-1/2

[Event "*** SCC Grand Prix: Titled Tuesday Blitz"]
[Site "Chess.com"]
[Date "2020.06.02"]
[Round "10"]
[White "Norival"]
[Black "crazy_but_lazy"]
[Result "1-0"]
[WhiteElo "2660"]
[BlackElo "2430"]
[TimeControl "180+1"]
[EndTime "11:59:46 PDT"]
[Termination "Norival won by checkmate"]

1. d4 d5 2. Nf3 Nf6 3. Bf4 c5 4.
e3 Nc6 5. c3 e6 6. Nbd2 cxd4 7.
exd4 Nh5 8. Bg3 g6 9. Bd3 Bg7 10. Bh4 Qb6 11. Qb3 Nf4 12. Bf1 Qxb3 13. axb3 O-O 14. Bg3 Nh5 15. Bd6 Re8 16. Bb5 Bd7 17.
O-O a6 18. Bxc6 Bxc6 19. Rfe1 Nf6 20. Ne5 Rac8 21. b4 Bb5 22. f3 b6 23. h3 Red8 24. Be7 Re8 25. Bxf6 Bxf6 26. Kf2 Bg7 27. f4 f6 28.
Nef3 Kf7 29. Re3 Ra8 30. Nb3 Bf8 31. g3 Bd6 32. Ne1 Ra7 33. Nc2 Rea8 34. Na3 Bd7 35. Rb1 a5 36. bxa5 bxa5 37. Nc5 Bxc5 38. dxc5 Rb8 39. b4 Rab7 40. Nc2 Ba4 41. Nd4 axb4 42. Nxe6 Re8 43. Nd4 Rxe3 44. Kxe3 b3 45. c6 Rc7 46. Kd2 Bxc6 47. Rxb3 Bd7 48. h4 h6 49. Ra3 Rb7 50. Kc2 g5 51. hxg5 hxg5 52. Ra5 gxf4 53. gxf4 Be6 54. f5 Bd7 55. Rxd5 Ke7 56. Kd3 Ra7 57.
Rc5 Ra1 58. Rc7 Kd6 59. Rb7 Rf1 60. Rb6+ Ke7 61. Ke4 Re1+ 62. Kd5 Rf1 63. Rb7 Rd1 64. c4 Kd8 65. c5 Bxf5 66. c6 Bc8 67. Rf7 f5 68.
Kc5 Rc1+ 69. Kd6 Rd1 70. Rf8# 1-0

[Event "*** SCC Grand Prix: Titled Tuesday Blitz"]
[Site "Chess.com"]
[Date "2020.06.02"]
[Round "10"]
[White "Mikhal867"]
[Black "Lubov_Gordyk"]
[Result "0-1"]
[WhiteElo "2331"]
[BlackElo "2601"]
[TimeControl "180+1"]
[EndTime "11:59:46 PDT"]
[Termination "Lubov_Gordyk won on time"]

1. c4 g6 2. d4 Bg7 3. e4 e6 4.
Nc3 Ne7 5. Be3 d5 6. Qd2 c5 7. Nf3 Nbc6 8. Bh6 Bxh6 9. Qxh6 cxd4 10. Nxd4 Nxd4 11. Qg7 Rg8 12. Qxd4 Nc6 13. Qc5 d4 14. Nb5 Qe7 15. Nd6+ Kd7 16. e5 Nxe5 17. Qxe5 Qxd6 18. Qb5+ Kc7 19. O-O-O Bd7 20. Qg5 e5 21. Kb1 f6 22.
Qh6 Qe7 23. f4 Bf5+ 24. Bd3 e4 25. Rhe1 Rge8 26. g4 Bxg4 27. Rxe4 Qd7 28. Rde1 Bf5 29. Rxe8 Bxd3+ 30. Kc1 Rxe8 31. Rxe8 Qxe8 32. Qg7+ Qd7 33. Qxf6 Bf5 34. Qe5+ Kc8 35. Qc5+ Kb8 36. Qe5+ Kc8 37.
Qc5+ Kd8 38. Qxa7 d3 39. Kd2 Qe7 40. Qb6+ Ke8 41. Qb5+ Kf8 42. Qe5 Qxe5 43. fxe5 g5 44. a4 h5 45. a5 Ke7 46. c5 Kd7 47. b4 Kc6 48. Ke3 g4 49. e6 Bxe6 50. Kxd3 h4 51. Ke3 Kb5 52. Kf4 Bd7 53. Kg5 h3 54. Kf4 Kxb4 55. c6 Bxc6 56. a6 bxa6 57. Kxg4 Bg2 58. Kf4 a5 59. Ke3 a4 60. Kd2 Kb3 61. Kc1 Ka2 62. Kc2 a3 63. Kc1 Be4 64. Kd2 Kb2 65. Ke3 Bg2 66. Kf2 a2 67. Kg3 a1=Q 0-1

[Event "*** SCC Grand Prix: Titled Tuesday Blitz"]
[Site "Chess.com"]
[Date "2020.06.02"]
[Round "10"]
[White "dopolian"]
[Black "Bayernbk"]
[Result "1-0"]
[WhiteElo "2352"]
[BlackElo "2469"]
[TimeControl "180+1"]
[EndTime "11:59:46 PDT"]
[Termination "dopolian won by resignation"]

1. e4 d5 2. exd5 Nf6 3. d4 Bg4 4. Bb5+ Bd7 5. Be2 Nxd5 6. c4 Nb6 7. Nf3 Bg4 8. O-O e6 9. Nc3 Nc6 10. d5 Bxf3 11. Bxf3 Ne5 12. dxe6 Qxd1 13. exf7+ Kxf7 14. Rxd1 Nxf3+ 15. gxf3 Bc5 16. b3 Rad8 17. Be3 Be7 18. Ne4 Nc8 19. Kf1 a6 20. Ke2 Ke6 21. Bf4 c6 22.
Bc7 Rxd1 23. Rxd1 Re8 24. Bf4 h6 25. Rd3 g5 26. Be3 Nd6 27. Nc5+ Kf5 28. a4 a5 29. h3 Rd8 30. Rd2 b5 31. cxb5 cxb5 32. axb5 Nxb5 33. Rxd8 Bxd8 34. Nb7 Bc7 35. Nc5 h5 36. Nd3 Nc3+ 37. Kd2 Nd5 38. Nc5 Bb6 39. Ne4 Bd8 40. Nc3 Nb4 41. Ne2 Bf6 42. Ng3+ Kg6 43. Ne4 Be7 44. f4 g4 45. hxg4 hxg4 46. Ng3 Nd5 47. f5+ Kf6 48. Bd4+ Kg5 49. Kd3 Nb4+ 50. Ke4 Nc6 51. Be3+ Kf6 52. Nh5+ Kf7 53. Nf4 Bd6 54. Ne6 Kf6 55. Bg5+ Kf7 56. Be3 Kf6 57. Bg5+ Kf7 58. Bf4 Kf6 59. Bxd6 Na7 60.
Bf4 Nb5 61. Bg5+ Kf7 62. Be3 Nc3+ 63. Kd3 Nd5 64. Kc4 g3 65. Kxd5 g2 66. f4 Kf6 67.
Bg1 Kxf5 68. Nc5 Kxf4 69. Nb7 Kf3 70. Nxa5 Ke2 71. b4 Kd3 1-0

[Event "*** SCC Grand Prix: Titled Tuesday Blitz"]
[Site "Chess.com"]
[Date "2020.06.02"]
[Round "10"]
[White "topotun"]
[Black "TheoSlade"]
[Result "1/2-1/2"]
[WhiteElo "2574"]
[BlackElo "2365"]
[TimeControl "180+1"]
[EndTime "11:59:46 PDT"]
[Termination "Game drawn - insufficient material"]

1. e4 e5 2. Nf3 Nc6 3. Bc4 Bc5 4. c3 Nf6 5. d4 exd4 6. b4 Be7 7. e5 Ne4 8. O-O Nxc3 9. Nxc3 dxc3 10. b5 Na5 11.
Bd3 O-O 12. Qc2 g6 13. Qxc3 b6 14. Bb2 Bb7 15. e6 f6 16. Ng5 Bd5 17. Rfe1 Bxe6 18. Nxe6 dxe6 19. Rxe6 Qd7 20. Rae1 Rae8 21. h4 Bb4 22.
Qxb4 Rxe6 23. Rd1 Rd6 24. Bc4+ Nxc4 25. Qxc4+ Kg7 26. Rf1 Re8 27. h5 Rd5 28. hxg6 hxg6 29. a4 Rh8 30. Qf4 Qd6 31. Qxd6 Rxd6 32. Rc1 Rd7 33.
g4 Rhd8 34. Rc6 Rd6 35. Rxc7+ R8d7 36. Rc4 Kf7 37. Kg2 Rd2 38. Ba1 Rd1 39. Bb2 R1d2 40.
Ba1 Ra2 41. Bd4 f5 42. gxf5 gxf5 43. Be3 Ra3 44. Kf3 Rad3 45. Kf4 Ke6 46. Rc8 Rg7 47. Rc6+ Rd6 48. Rxd6+ Kxd6 49. Kxf5 Rf7+ 50. Ke4 Ke6 51.
Kd4 Rd7+ 52. Kc4 Ke5 53. Kb4 Ke4 54. a5 Rd6 55. axb6 axb6 56. Kc4 Rf6 57. Kc3 Kf3 58. Kd4 Rf5 59. Kc4 Rf6 60. Kd5 Rg6 61. Bxb6 Rxb6 62. Kc5 Rh6 63. b6 Ke4 64. b7 Rh8 65. Kc6 Ke5 66. Kc7 Rh7+ 67. Kb6 Rh8 68. Ka7 Rh7 69. Ka8 Rxb7 70. Kxb7 Ke4 71. Kc6 Kf3 72. Kd5 Kxf2 1/2-1/2

[Event "*** SCC Grand Prix: Titled Tuesday Blitz"]
[Site "Chess.com"]
[Date "2020.06.02"]
[Round "10"]
[White "Titus369"]
[Black "Smile2005"]
[Result "1/2-1/2"]
[WhiteElo "2563"]
[BlackElo "2427"]
[TimeControl "180+1"]
[EndTime "11:59:47 PDT"]
[Termination "Game drawn by repetition"]

1. e4 d5 2. exd5 Nf6 3. Nf3 Nxd5 4. d4 Bg4 5. Be2 e6 6. O-O Be7 7. Ne5 Bxe2 8. Qxe2 O-O 9. c4 Nb6 10. Be3 N8d7 11. Nf3 Nb8 12. Nc3 Nc6 13. Rfd1 Re8 14. Rac1 Qd7 15. d5 exd5 16. cxd5 Nb4 17. Ne5 Qf5 18.
Nf3 Bd6 19. Nd4 Qe5 20. Nf3 Qf5 21. Nd4 Qe5 22. Nf3 Qh5 23. a3 N4xd5 24. Nxd5 Nxd5 25. Qb5 c6 26. Qxb7 Nxe3 27. fxe3 Bc5 28. Rc3 Rab8 29. Qxc6 Bxe3+ 30. Kh1 Bb6 31. Rcd3 h6 32. Rd7 Rbc8 33. Qd5 Qxd5 34. R7xd5 Rc2 35. R5d2 Rxd2 36. Rxd2 Rc8 37. g3 Rc1+ 38. Kg2 Rb1 39. h3 g6 40. Ne5 Kg7 41. Nc4 Rc1 42. Nxb6 axb6 43. h4 Rb1 44. Kh3 g5 45.
hxg5 hxg5 46. Kg4 f6 47. Rc2 Kg6 48. Kh3 Rh1+ 49. Kg2 Rb1 50. Kh3 Rh1+ 51. Kg2 Rb1 52. Kf3 Rf1+ 53. Rf2 Rb1 54. Kg2 g4 55. Rc2 Kg5 56. Kf2 f5 57. Kg2 Rd1 58. Re2 Rc1 59. Rf2 Rb1 60. Rc2 Rd1 61. Rf2 Rb1 62. Rd2 Rc1 63. Rf2 Rb1 1/2-1/2

[Event "*** SCC Grand Prix: Titled Tuesday Blitz"]
[Site "Chess.com"]
[Date "2020.06.02"]
[Round "10"]
[White "Happy1712Drummer"]
[Black "MiroVlasenko"]
[Result "0-1"]
[WhiteElo "2449"]
[BlackElo "2621"]
[TimeControl "180+1"]
[EndTime "11:59:48 PDT"]
[Termination "MiroVlasenko won on time"]

1. d4 Nc6 2. Nf3 d6 3. c4 Bg4 4.
d5 Bxf3 5. exf3 Ne5 6. Qb3 Qc8 7. Be2 g6 8. Nc3 Bg7 9. Be3 Nf6 10. O-O O-O 11.
Rac1 Ned7 12. Rfe1 Re8 13. Bf1 c6 14. Qc2 Qc7 15.
Qd2 a6 16. Bh6 Bh8 17. Qg5 Rac8 18. b3 Qa5 19. dxc6 Qxg5 20. Bxg5 bxc6 21. g3 Bg7 22. Bd2 e6 23. f4 Ra8 24. Bg2 Rec8 25. Na4 d5 26.
Be3 Ng4 27. Bd2 Bd4 28. Re2 h5 29. h3 Ngf6 30. Be1 Rcb8 31. Rec2 Kf8 32. Rd2 Ba7 33. Rdc2 Ke7 34. Kf1 Rb7 35. Bd2 Bb8 36. Ba5 Bd6 37. c5 Bc7 38. Bc3 a5 39. Be1 Rb5 40. Kg1 Rab8 41. Bf1 R5b7 42. Kg2 Ne4 43. Bd3 Ndf6 44. f3 Nxg3 45. Bxg3 Nd7 46. Bh4+ Ke8 47. Bg3 Nf6 48. f5 gxf5 49. Bxc7 Rxc7 50. Kg3 Ke7 51. Kf4 Rb4+ 52. Ke3 Rh4 53. Rh2 Rc8 54. Rg1 d4+ 55. Kf2 Nd5 56.
Nb2 Ne3 57. Bf1 f4 58. Nd3 f6 59. Be2 e5 60. Rg7+ Ke6 61. Rh1 Ra8 62. Nb2 Nd5 63.
Bc4 Kf5 64. Bd3+ Ke6 65. Nc4 a4 66. Nd6 Ne7 67. Bc4+ Kd7 68. Rhg1 Rxh3 69. Rh7 Rh2+ 0-1

[Event "*** SCC Grand Prix: Titled Tuesday Blitz"]
[Site "Chess.com"]
[Date "2020.06.02"]
[Round "10"]
[White "PavelChernomordik"]
[Black "eightbyeightchess"]
[Result "1-0"]
[WhiteElo "2271"]
[BlackElo "2395"]
[TimeControl "180+1"]
[EndTime "11:59:51 PDT"]
[Termination "PavelChernomordik won on time"]

1. e4 e6 2. Qe2 e5 3. Nf3 Nc6 4. Qe3 Nf6 5. Nc3 Bb4 6. Nd5 Ba5 7. Bc4 O-O 8. O-O h6 9. d3 d6 10. Qe2 Bg4 11. c3 Ne7 12. Nxf6+ gxf6 13. Bxh6 Re8 14. h3 Bh5 15. g4 Bg6 16. Nh4 Kh7 17. Bd2 Rh8 18. f4 Bb6+ 19. Kg2 exf4 20. Rxf4 Kg7 21. Nf5+ Bxf5 22. gxf5 d5 23. Rg4+ Kf8 24. Bb3 Qd7 25. Bf4 dxe4 26. dxe4 Qc6 27. Qf3 Re8 28. Kh2 Nxf5 29. Rf1 Nh4 30. Qg3 Rxe4 31. Bd1 Ng6 32. Rxg6 fxg6 33. Qxg6 Rxf4 34. Rxf4 Rxh3+ 35. Kxh3 Qh1+ 36. Kg4 Qxd1+ 37. Kf5 Qd3+ 38. Kxf6 Qxg6+ 39. Kxg6+ Ke7 40.
Kf5 Kd6 41. Ke4 a6 42. Rf6+ Kc5 43. Kd3 Kb5 44. a3 Ba7 45. b3 c6 46. c4+ Kb6 47.
Rf8 Ka5 48. Rf7 Kb6 49. b4 a5 50. c5+ Ka6 51. Kc4 Bb8 52. Rf8 1-0

[Event "*** SCC Grand Prix: Titled Tuesday Blitz"]
[Site "Chess.com"]
[Date "2020.06.02"]
[Round "10"]
[White "lifeissofun"]
[Black "ElviraBerend"]
[Result "1/2-1/2"]
[WhiteElo "2267"]
[BlackElo "2381"]
[TimeControl "180+1"]
[EndTime "11:59:57 PDT"]
[Termination "Game drawn - insufficient material"]

1. e4 e5 2. Nf3 Nc6 3. Bb5 Nf6 4. O-O Nxe4 5. Re1 Nd6 6. Bxc6 dxc6 7. Rxe5+ Be7 8. d4 O-O 9. Nc3 Bf6 10. Re2 Bg4 11.
Rd2 Re8 12. h3 Bh5 13. Rd3 Qd7 14. Bf4 Bg6 15. Re3 Nc4 16. Rxe8+ Rxe8 17. b3 Na3 18. Rc1 Bh5 19. g4 Bg6 20. Be5 Be7 21. Bg3 Nb5 22. Nxb5 cxb5 23. c4 Ba3 24. Rc3 bxc4 25. bxc4 Bb2 26. Rb3 Qa4 27. Qd2 Ba3 28. Qc3 Bd6 29. Bxd6 cxd6 30. Rxb7 Be4 31. Rb3 Qxa2 32. c5 dxc5 33.
dxc5 Bd5 34. Ra3 Qb1+ 35. Kg2 Bc6 36. Rxa7 h6 37. Qc4 Rf8 38. Qf4 Qc2 39. Qe3 Qc4 40. Rc7 Qd5 41. Kg3 Re8 42. Qf4 Ra8 43. Re7 Ra3 44.
Re3 Rxe3 45. Qxe3 g5 46. h4 f6 47. Qc3 Kf7 48. hxg5 hxg5 49. Qe3 Kf8 50. Qc3 Kf7 51. Qe3 Kf8 52. Ne1 Qh1 53. Nf3 Qd1 54. Qc3 Kg7 55. Qe3 Qd5 56. Qe7+ Kg8 57. Qxf6 Qxc5 58. Qxg5+ Qxg5 59. Nxg5 Kg7 60. f4 Kf6 61. Kf2 Bb7 62. Ke3 Ba8 63. Ne4+ Kg6 64. f5+ Kf7 65. Kf4 Bb7 66. g5 Bc8 67. g6+ Kg7 68. Kg5 Bd7 69.
f6+ Kg8 70. f7+ Kg7 71. Nd6 Be6 72. Ne8+ Kf8 73. Nf6 Bxf7 74. Nd7+ Kg7 75. Nf8 Bxg6 1/2-1/2

[Event "*** SCC Grand Prix: Titled Tuesday Blitz"]
[Site "Chess.com"]
[Date "2020.06.02"]
[Round "10"]
[White "Alexander_Zubov"]
[Black "fodorpoti"]
[Result "1/2-1/2"]
[WhiteElo "2957"]
[BlackElo "2781"]
[TimeControl "180+1"]
[EndTime "12:00:01 PDT"]
[Termination "Game drawn - insufficient material"]

1. d4 d5 2. c4 e6 3. Nf3 c6 4. Qc2 Nf6 5. Bg5 Nbd7 6. Nbd2 Be7 7. Rc1 O-O 8. e3 Ne4 9. Bxe7 Qxe7 10. Bd3 f5 11. O-O Qf6 12. b4 g5 13. g3 g4 14.
Nh4 Ng5 15. b5 Nb6 16. a4 dxc4 17. Nxc4 Nd5 18. bxc6 bxc6 19. Ne5 Nb4 20. Qd2 a5 21. Rfd1 Rd8 22. Nxc6 Nh3+ 23. Kg2 Nxc6 24. Rxc6 Bb7 25. Bb5 Rac8 26. Rc1 e5 27. Qa2+ Kh8 28.
d5 Bxc6 29. Bxc6 f4 30. exf4 exf4 31. Qa1 Rd6 32. Nf5 f3+ 33. Kf1 Qxa1 34. Rxa1 Rdxc6 35. dxc6 Rxc6 36. Ne3 h5 37. Ke1 Rb6 38. Nc4 Re6+ 39. Ne3 Rb6 40. Nc4 Rb4 41. Nxa5 Re4+ 42. Kd2 Re2+ 43.
Kc3 Nxf2 44. Nc4 Ne4+ 45. Kd3 Nc5+ 46. Kc3 f2 47. Rf1 Re1 48. Nd2 Ne4+ 49. Kb4 Nxd2 50. Rxf2 Ne4 51. Ra2 Rb1+ 52. Kc4 Kg7 53. a5 Nd6+ 54. Kd5 Nb5 55. Kc5 Na7 56. a6 Rb5+ 57. Kd6 Kf6 58. Kc7 Rb3 59. Re2 Nb5+ 60. Kd7 Ra3 61. Re6+ Kf5 62. Rh6 Kg5 63. Rb6 Nd4 64.
Kc7 Nf3 65. Rb5+ Kg6 66. Kb6 Rxa6+ 67. Kxa6 Nxh2 68. Rb6+ Kg5 69. Rb5+ Kg6 70. Rb6+ Kf5 71. Rb5+ Ke4 72. Rxh5 Nf1 73. Rg5 Kf3 74. Rxg4 Kxg4 75.
Kb5 Nxg3 1/2-1/2

[Event "*** SCC Grand Prix: Titled Tuesday Blitz"]
[Site "Chess.com"]
[Date "2020.06.02"]
[Round "10"]
[White "Radzio1987"]
[Black "Rakesh"]
[Result "1-0"]
[WhiteElo "2914"]
[BlackElo "2417"]
[TimeControl "180+1"]
[EndTime "12:00:03 PDT"]
[Termination "Radzio1987 won by resignation"]

1. c4 e5 2. Nc3 Nc6 3. Nf3 Nf6 4. a3 d6 5. e3 g6 6. b4 Bg7 7.
Qc2 O-O 8. Bb2 Bf5 9. d3 Re8 10. Nd2 d5 11. cxd5 Nd4 12. exd4 exd4+ 13. Nce4 Nxd5 14. Be2 Nf4 15. Bf3 g5 16. O-O g4 17.
Bd1 Bg6 18. Bxg4 f5 19. Bf3 fxe4 20. Nxe4 Qh4 21. g3 Qh3 22. Ng5 Qf5 23. gxf4 Qxf4 24. Bc1 Qh4 25. Bg2 h6 26. Nf3 Qh5 27. Bf4 Rf8 28. Qxc7 Rac8 29. Qxb7 Rc2 30. Bg3 Bxd3 31. Rfe1 Be2 32. Ne5 Bxe5 33. Qd5+ Rf7 34. Qxe5 Qxe5 35. Bxe5 d3 36. Bd5 d2 37. Bxf7+ Kxf7 38. Kg2 dxe1=Q 39.
Rxe1 Bd3 40. Re3 Bc4 41. Bd4 a6 42. Bc5 Bd5+ 43. Kg3 Be6 44. h4 Rc4 45. f3 h5 46.
Re4 Rxe4 47. fxe4 Bc4 48. Kf4 Ke6 49. Bd4 Be2 50. Bc3 Kd6 51. Ke3 Bg4 52. Kd4 Kc6 53. Bd2 Bh3 54. a4 Bg4 55. Kc4 Bd1 56. b5+ axb5+ 57.
axb5+ Kd6 58. Bc3 Be2+ 59. Kb4 Bd3 60. e5+ Kd5 61. Ka5 Be2 62. b6 Kc6 63. e6 Bg4 64.
e7 Bd7 65. Bf6 Be8 66. Ka6 Bd7 67. Ka7 Bc8 68. b7 Bxb7 69. e8=Q+ Kc7 70. Qe7+ Kc6 71. Qxb7+ 1-0

[Event "*** SCC Grand Prix: Titled Tuesday Blitz"]
[Site "Chess.com"]
[Date "2020.06.02"]
[Round "10"]
[White "atwalcb"]
[Black "Quiet_Desperation"]
[Result "1-0"]
[WhiteElo "2374"]
[BlackElo "2107"]
[TimeControl "180+1"]
[EndTime "12:00:04 PDT"]
[Termination "atwalcb won by resignation"]

1. d4 Nf6 2. Bg5 Ne4 3. Bf4 d6 4. e3 g6 5. Bd3 Nf6 6. Nf3 Bg7 7. Nbd2 O-O 8. O-O Nh5 9. Bg3 Nxg3 10. hxg3 c5 11. c3 Nc6 12. Qe2 e5 13. dxe5 dxe5 14. Be4 Qc7 15. a4 Be6 16. Ng5 Bd7 17. Bd5 h6 18.
Nxf7 Rxf7 19. Ne4 Ne7 20. Bxf7+ Kxf7 21. Qc4+ Be6 22. Qxc5 Qxc5 23. Nxc5 Bd5 24. e4 Bc6 25. a5 Nc8 26. Rfd1 Bf8 27. Nd3 Ke6 28. f3 Bd6 29. b4 Bb5 30. Nb2 a6 31. c4 Bc6 32.
c5 Bc7 33. Nc4 Ne7 34. Nb6 Bxb6 35. Rd6+ Kf7 36. axb6 Bb5 37. f4 Nc6 38. Rd7+ Ke6 39. Rxb7 Nd4 40. Rc7 h5 41. fxe5 Kxe5 42. b7 Rb8 43.
Rg7 Kxe4 44. Rxg6 Rxb7 45. Rg5 Ke3 46. Kh2 Kd3 47. Ra3+ Kc4 48. Rxh5 Kxb4 49. Re3 Nb3 50. g4 Nxc5 51. g5 a5 52. g6 Rg7 53. Rg3 a4 54. Rh4+ Ka5 55. Rg5 Kb6 56. Rg3 Nb3 57. Rh7 Rg8 58. g7 Bc4 59. Rg4 Kb5 60. Rh5+ Kb4 61. Rhh4 Nd2 62. Rd4 Kc3 63. Rxd2 Kxd2 64. Rxc4 Ra8 65.
g8=Q Rxg8 66. Rxa4 Ke3 67. Kh3 Rh8+ 68. Rh4 Rg8 69. Rh7 Kf2 70. g4 Kf3 71. Rf7+ Ke4 72. Kh4 Ke5 73. Kh5 Ke6 74. Rf1 Ke7 75. g5 Ke6 76. g6 Ke5 77. Kh6 Rc8 78. g7 Rg8 79.
Kh7 Rc8 80. g8=Q Rxg8 81. Kxg8 1-0

[Event "*** SCC Grand Prix: Titled Tuesday Blitz"]
[Site "Chess.com"]
[Date "2020.06.02"]
[Round "10"]
[White "grunbergmihai"]
[Black "Munkhzul_Turmunkh"]
[Result "0-1"]
[WhiteElo "2411"]
[BlackElo "2601"]
[TimeControl "180+1"]
[EndTime "12:00:06 PDT"]
[Termination "Munkhzul_Turmunkh won by resignation"]

1. Nf3 Nf6 2. c4 e6 3. g3 d5 4. Bg2 Be7 5. O-O O-O 6. d4 dxc4 7. Qc2 a6 8. a4 Bd7 9. Qxc4 Bc6 10. Bg5 Bd5 11. Qd3 Be4 12. Qd2 Nbd7 13. Nc3 Bc6 14. Rfd1 Nb6 15. Bxf6 Bxf6 16. e4 g6 17. a5 Nc8 18. h4 h5 19. Rac1 Ne7 20. d5 exd5 21.
exd5 Bd7 22. Ne4 Bg7 23. d6 cxd6 24. Qxd6 Ba4 25. Qxd8 Raxd8 26. Rxd8 Rxd8 27. Rc7 Rd1+ 28. Kh2 Rd7 29. Rxd7 Bxd7 30. b3 Bc6 31. Nfg5 Nf5 32. Nc5 Bxg2 33. Kxg2 Nd4 34. b4 Bf8 35. Nge4 Nc6 36.
b5 axb5 37. Nxb7 b4 38. Nd2 Nb8 39. Nb3 f5 40. Kf3 Kf7 41. Ke3 Ke6 42. Kd4 Na6 43. Kc4 Ke5 44. Kb5 Nb8 45. Nd8 Kd5 46. f3 Be7 47.
Nb7 f4 48. gxf4 Bxh4 49. a6 Nxa6 50. Kxa6 Bg3 51. N7a5 h4 52. Nd2 h3 53. Nf1 Bxf4 54.
Kb5 Kd4 55. Kxb4 h2 56. Nxh2 Bxh2 57. Nc6+ Ke3 58. Ne7 g5 59. Kc3 Kxf3 60. Nf5 g4 61.
Kd2 Kf4 62. Nd4 Ke4 63. Ne2 Bf4+ 64. Ke1 Be3 65. Kf1 Kf3 66. Nc3 g3 67. Ne2 g2+ 68. Ke1 Bf2+ 69. Kd1 Ke3 70. Kc2 Kxe2 0-1